Map: Dusk Towers

Players

MjK

  • Race: Protoss Protoss
  • League: Master

JeLin - Winner!

  • Race: Terran Terran
  • League: Master

VOD

Have the link to the VOD?

Description

Time

  • Played on: April 7, 2016, 12:22 p.m.
  • Length: 6:34
Show
View Real Time Build Order
Export as new Build Order

MjK Protoss 

Build Orders: 1 Gate Expand 

Get SALT Encoding   

  12  0:01  Probe (Chrono Boost)  
  13  0:11  Probe (Chrono Boost)  
  14  0:17  Pylon  
  14  0:22  Probe (Chrono Boost)  
  16  0:35  Probe (Chrono Boost)  
  16  0:36  Gateway  
  16  0:46  Probe (Chrono Boost)  
  16  0:47  Assimilator  
  17  0:56  Probe (Chrono Boost)  
  18  1:09  Probe (Chrono Boost)  
  19  1:24  Nexus  
  19  1:42  Cybernetics Core  
  19  1:43  Gateway  
  19  2:06  Probe (Chrono Boost)  
  20  2:17  Pylon  
  20  2:19  Mothership Core (Chrono Boost)  
  22  2:25  Assimilator  
  22  2:33  Pylon  
  22  2:35  Warp Gate (Chrono Boost), Adept  
  24  2:38  Probe x2  
  26  2:50  Probe  
  26  2:51  Probe  
  27  2:55  Stalker  
  27  2:57  Gateway  
  30  3:01  Probe  
  31  3:08  Probe  
  32  3:19  Stargate  
  32  3:24  Probe  
  33  3:30  Probe  
  34  4:03  Void Ray (Chrono Boost)  
  34  4:27  Stalker x2  
  34  4:28  Stalker, Pylon  
  40  4:43  Void Ray (Chrono Boost)  
  44  4:51  Adept x2  
  44  4:52  Zealot  
  50  4:56  Pylon  
  50  4:58  Pylon  
  50  5:09  Pylon  
  50  5:11  Pylon  
  50  5:15  Zealot  
  50  5:16  Zealot x2  
  50  5:20  Void Ray (Chrono Boost)  
  58  5:22  Probe  
  58  5:24  Probe  
  52  5:45  Stalker x2  
  52  5:47  Zealot  
  34  6:30  Zealot x3  
Show
View Real Time Build Order
Export as new Build Order

JeLin Terran - Winner!

Build Orders: 1/1/1, Liberator Opening 

Get SALT Encoding   

  12  0:01  SCV  
  13  0:13  SCV  
  14  0:17  Supply Depot  
  14  0:25  SCV  
  14  0:28  Refinery  
  15  0:39  SCV  
  16  0:45  Barracks  
  16  0:51  SCV  
  17  1:03  SCV  
  18  1:04  Refinery  
  18  1:15  SCV  
  19  1:27  SCV  
  20  1:34  Marine  
  20  1:36  Factory  
  22  1:42  Orbital Command  
  21  1:52  Marine  
  22  1:54  Supply Depot  
  22  2:09  SCV  
  22  2:15  Marine  
  23  2:20  Factory Tech Lab  
  23  2:21  Starport  
  24  2:25  SCV  
  25  2:33  Marine  
  26  2:37  Supply Depot  
  26  2:40  Siege Tank  
  26  2:41  Liberator  
  26  2:42  SCV  
  30  2:52  Marine  
  31  3:03  Supply Depot  
  34  3:10  Marine  
  35  3:14  Siege Tank  
  38  3:22  Engineering Bay  
  38  3:25  SCV  
  39  3:27  Marine  
  40  3:36  Liberator  
  40  3:43  SCV  
  41  3:54  Marine  
  41  3:55  SCV  
  45  4:10  Siege Tank  
  45  4:12  Marine, SCV  
  50  4:20  Liberator  
  50  4:22  Missile Turret  
  49  4:30  Marine  
  53  4:48  Marine  
  53  4:51  Missile Turret  
  54  5:06  Marine  
  54  5:09  Supply Depot  
  54  5:11  Siege Tank  
  57  5:19  Bunker  
  57  5:22  Liberator  
  57  5:23  Marine  
  55  5:41  Marine  
  55  5:59  Siege Tank, Marine  
  55  6:32  Command Center  
Tags
 
Add a new tag
Caveats
  • Supply blocks, unpowered buildings, or Contaminate may cause inaccurate times.
  • Supply counts are checked every 10 seconds.